 Dungeon Crawl Stone Soup version 0.29-a0-334-gb41bcbb86e (webtiles) character file.

Game seed: 12297219748515284096

135 spaghetti the Magician (level 5, 0/31 HPs)
             Began as an Octopode Conjurer on Apr 14, 2022.
             Was a High Priest of Ignis.
             Succumbed to an adder's poison
             ... in a sewer.
             The game lasted 00:04:06 (2808 turns).

spaghetti the Magician (Octopode Conjurer)          Turns: 2808, Time: 00:04:07

Health: 0/31       AC:  1    Str:  7    XL:     5   Next: 18%
Magic:  5/12       EV: 13    Int: 22    God:    Ignis [*****.]
Gold:   118        SH:  0    Dex: 10    Spells: 12/13 levels left

rFire   + . .      SeeInvis .   (no weapon)
rCold   . . .      Faith    .   (no shield)
rNeg    . . .      Spirit   .   (helmet restricted)
rPois   .          Reflect  .   (no amulet)
rElec   .          Harm     .   (no ring)
rCorr   .          Rampage  .   (no ring)
Will    .....                   (no ring)
Stlth   +++.......              (no ring)
HPRegen 0.10/turn               (no ring)
MPRegen 0.13/turn               (no ring)
                                (no ring)
                                (no ring)

@: lethally poisoned (0 -> -3), attractive, invisible
A: almost no armour, amphibious, 8 rings, camouflage 1, gelatinous body 1,
(nimble swimmer 1), tentacles
a: Renounce Religion, Fiery Armour, Foxfire Swarm, Rising Flame


You were in a sewer.
You worshipped Ignis.
Ignis was extremely pleased with you.
You visited 1 branch of the dungeon, and saw 3 of its levels.
You also visited: Sewer.

You collected 118 gold pieces.


Innate Abilities, Weirdness & Mutations

You cannot wear most types of armour.
You are amphibious.
You can wear up to eight rings at the same time.
Your skin changes colour to match your surroundings (Stealth+).
Your rubbery body absorbs attacks. (AC +1, EV +1)
((You are camouflaged when in or above water. (Stealth+)))
You have tentacles for arms and can constrict up to eight enemies at once.


   Skills:
 - Level 2.0 Dodging
 - Level 2.6 Stealth
 + Level 4.8 Spellcasting
 - Level 4.0 Conjurations


You had 12 spell levels left.
You knew the following spells:

 Your Spells              Type           Power      Damage    Failure   Level
a - Magic Dart            Conj           88%        1d7       1%          1

Your spell library contained the following spells:

 Spells                   Type           Power      Damage    Failure   Level
 Searing Ray              Conj           44%        2d6       3%          2
 Freeze                   Ice            20%        1d4       11%         1
 Dazzling Flash           Conj/Hex       28%        N/A       14%         3
 Frozen Ramparts          Ice            10%        1d3       30%         3
 Fulminant Prism          Conj/Hex       7%         3d7       41%         4
 Hailstorm                Conj/Ice       14%        3d5       41%         4
 Iskenderun's Mystic Bla  Conj/Tloc      14%        2d5       41%         4

Inventory:

Hand Weapons
 b - a +0 dagger {short}
   (You took it off a kobold on level 1 of the Dungeon)
 e - a +0 club {mace}
   (You took it off a kobold on level 1 of the Dungeon)
 g - a +0 dagger {short}
   (You found it on level 1 of the Dungeon)
 h - a +0 hunting sling {sling}
   (You found it on level 1 of the Dungeon)
 i - a +0 dagger {short}
   (You took it off a goblin on level 1 of the Dungeon)
 l - a +0 short sword {short}
   (You took it off a kobold on level 2 of the Dungeon)
 n - a +0 club {mace}
   (You took it off a goblin on level 2 of the Dungeon)
 o - a +0 hunting sling {sling}
   (You took it off a goblin on level 2 of the Dungeon)
 p - a +0 club {mace}
   (You took it off a goblin on level 2 of the Dungeon)
 t - a +0 dagger {short}
   (You took it off a goblin on level 3 of the Dungeon)
 u - a +0 dagger {short}
   (You took it off a goblin on level 3 of the Dungeon)
 w - a +0 whip {mace}
   (You took it off a gnoll on level 3 of the Dungeon)
 x - a +0 spear {polearm}
   (You took it off a gnoll on level 3 of the Dungeon)
 y - a +0 spear {polearm}
   (You took it off a gnoll on level 3 of the Dungeon)
 A - a +0 spear {polearm}
   (You took it off a gnoll on level 3 of the Dungeon)
Missiles
 c - 81 stones {throwing}
 d - 5 boomerangs {throwing}
 s - 2 poisoned darts {throwing}
 z - a throwing net {=f!fthrowing}
Scrolls
 j - 2 scrolls of enchant weapon {unknown}
 k - 4 scrolls of teleportation {unknown}
 r - a scroll of blinking {unknown}
Potions
 a - a potion of magic
 m - a potion of invisibility
 q - 2 potions of brilliance {unknown}
 v - a potion of resistance {unknown}

Dungeon Overview and Level Annotations

Branches:
Dungeon (3/15)              Sewer (1/1)

Altars:
Trog
Ignis

..≈ ≈##P###### ≈≈
#≈#PP≈≈≈≈≈# ###≈.
#≈#..###### ≈≈≈.#
#≈#....≈≈≈#
###≈.≈##≈#.∩.≈≈≈≈#
...≈.≈≈#≈#.∩.≈≈≈##
.≈..≈≈.#≈#...≈≈≈#
.≈.≈≈.†SPP..≈≈≈##
P.≈#...K@...≈≈≈#
###≈.....####
########


You could see an adder (can't see you) and a kobold (can't see you).


Message History

Press: ? - help, Q - select action, (/) - cycle Shift-Dir - straight line, f/p - river rat
Aim: a river rat (lightly wounded, 100% to hit)
The magic dart hits the river rat.
The adder bites the plant.
The plant begins to die.
The river rat bites you. 😕 HP[-1]
You take 1 damage, and now have 25/31 hp.
Aiming: Magic Dart (safe; 1% risk of failure)
Press: ? - help, Q - select action, (/) - cycle Shift-Dir - straight line, f/p - river rat
Aim: a river rat (moderately wounded, 100% to hit)
The magic dart hits the river rat.
The adder bites the plant.
The river rat closely misses you. 😕 MP[-1]
You lost 1 mp, and now have 9/12 mp.
Aiming: Magic Dart (safe; 1% risk of failure)
Press: ? - help, Q - select action, (/) - cycle Shift-Dir - straight line, f/p - river rat
Aim: a river rat (moderately wounded, 100% to hit)
The magic dart hits the river rat.
The kobold splashes around in the water.
The adder bites the plant.
The river rat bites you! 😮 HP[-7] MP[-1]
You take 7 damage, and now have 18/31 hp.
MASSIVE DAMAGE!! (PAUSE)
You lost 1 mp, and now have 8/12 mp.
Aiming: Magic Dart (safe; 1% risk of failure)
Press: ? - help, Q - select action, (/) - cycle Shift-Dir - straight line, f/p - river rat
Aim: a river rat (heavily wounded, 100% to hit)
The magic dart hits the river rat.
The adder bites the plant.
The kobold hits the plant with a +0 dagger.
The adder bites the plant.
The plant is poisoned.
The adder poisons the plant!
The river rat closely misses you. 😮 HP[+1] MP[-1]
You lost 1 mp, and now have 7/12 mp.
Aiming: Magic Dart (safe; 1% risk of failure)
Press: ? - help, Q - select action, (/) - cycle Shift-Dir - straight line, f/p - river rat
Aim: a river rat (almost dead, 100% to hit)
You miscast Magic Dart.
You are very lightly contaminated with residual magic.
Nothing appears to happen.
The kobold hits the plant with a +0 dagger.
The adder bites the plant.
The river rat closely misses you. 😮 MP[-1]
You lost 1 mp, and now have 6/12 mp.
Aiming: Magic Dart (safe; 1% risk of failure)
Press: ? - help, Q - select action, (/) - cycle Shift-Dir - straight line, f/p - river rat
Aim: a river rat (almost dead, 100% to hit)
The magic dart hits the river rat but does no damage.
A nearby plant withers and dies.
The adder bites the plant.
The plant begins to die.
The river rat misses you. 😮 MP[-1]
You lost 1 mp, and now have 5/12 mp.
Aiming: Magic Dart (safe; 1% risk of failure)
Press: ? - help, Q - select action, (/) - cycle Shift-Dir - straight line, f/p - river rat
Aim: a river rat (almost dead, 100% to hit)
The magic dart hits the river rat but does no damage.
The adder bites the plant.
The kobold misses you.
The adder bites the plant.
The river rat misses you. 😮 MP[-1]
You lost 1 mp, and now have 4/12 mp.
You barely miss the river rat. You grab the river rat.
You constrict the river rat. The kobold hits you with a +0 dagger.
The adder bites the plant.
The plant is poisoned.
The adder poisons the plant!
The river rat bites you. 😮 HP[-3] MP[+1]
You take 3 damage, and now have 16/31 hp.
You tentacle-slap the river rat but do no damage.
You constrict the river rat.
You kill the river rat!
The kobold hits you with a +0 dagger.
* * * LOW HITPOINT WARNING * * *
😨 HP[-4]
You take 4 damage, and now have 12/31 hp.
You closely miss the kobold. Your grab misses the kobold.
Your squeeze misses the kobold. The adder bites you.
* * * LOW HITPOINT WARNING * * *
The kobold completely misses you. 😨 HP[-4]
You take 4 damage, and now have 8/31 hp.
You barely miss the kobold. Your grab misses the kobold.
Your squeeze misses the kobold.
A nearby plant withers and dies.
The adder bites you.
* * * LOW HITPOINT WARNING * * *
You are poisoned.
The adder poisons you! The kobold hits you with a +0 dagger.
* * * LOW HITPOINT WARNING * * *
The adder misses you.
Your magical contamination has completely faded away. 😱 HP[-2]
You take 2 damage, and now have 6/31 hp.
It was a potion of attraction.
You feel attractive to monsters.
* * * LOW HITPOINT WARNING * * *
You feel sick. The kobold closely misses you. The adder bites you.
* * * LOW HITPOINT WARNING * * *
😱 HP[-5]
You take 5 damage, and now have 1/31 hp.
Unknown command.
It was a potion of invisibility.
You fade into invisibility!
You die...

Skill      XL: |  1  2  3  4 |
---------------+-------------+-----
Spellcasting   | 3 4 |  4.8
Dodging        | |  2.0
Stealth        | |  2.6
Conjurations   | |  4.0

Action                   |  1- 3 |  4- 6 || total
-------------------------+-------+-------++-------
Melee: Unarmed           |     4 |    17 ||    21
       Constrict         |     1 |     5 ||     6
       Tentacles         |     1 |     1 ||     2
 Cast: Magic Dart        |    89 |    37 ||   126
Invok: Foxfire Swarm     |       |     1 ||     1
  Use: Potion            |       |     2 ||     2
Dodge: Dodged            |     7 |    18 ||    25

Levels and vault maps discovered:
D:1:      minmay_arrival_nine_rooms, layout_loops_ring, basic_ecumenical_altar
D:2:      layout_rooms, basic_altar
D:3:      layout_rooms, grunt_dithmenos_smoke, marbit_many_paths,
          gup_sewer_entry_bowl
Sewer:    sewer_co_scattered_pipes

Notes
Turn   | Place    | Note
-------+----------+-------------------------------------------
     0 | D:1      | spaghetti the Octopode Conjurer began the quest for the
                  | Orb.
     0 | D:1      | Reached XP level 1. HP: 11/11 MP: 3/3
     0 | D:1      | magus.rc [v1.9.6]
   270 | D:1      | Reached XP level 2. HP: 17/17 MP: 1/5
   539 | D:1      | Reached skill level 3 in Spellcasting
   858 | D:1      | Reached XP level 3. HP: 21/21 MP: 2/7
   948 | D:1      | Found a faded altar of an unknown god.
  1034 | D:1      | Prayed at the altar of an unknown god.
  1034 | D:1      | Became a worshipper of Ignis, the Dying Flame
  1944 | D:2      | Found a bloodstained altar of Trog.
  2070 | D:2      | Reached XP level 4. HP: 27/27 MP: 5/9
  2077 | D:2      | Reached skill level 4 in Spellcasting
  2460 | D:3      | You pick up a book of Frost and begin reading...
  2460 | D:3      | You add the spells Freeze, Frozen Ramparts and Hailstorm to
                  | your library.
  2564 | D:3      | Reached XP level 5. HP: 17/31 MP: 3/12
  2771 | D:3      | Found a glowing drain.
  2776 | Sewer    | Entered a sewer
  2806 | Sewer    | HP: 7/31 [adder (1)]
  2807 | Sewer    | HP: 1/31 [adder (3)]
  2808 | Sewer    | Succumbed to an adder's poison

Vanquished Creatures
  4 gnolls (D:3)
  2 adders
  A river rat (Sewer)
  6 dart slugs
  7 endoplasms
  4 giant cockroaches
  5 goblins
  7 hobgoblins
  4 quokkas
  7 bats
  2 frilled lizards
  3 kobolds
  3 rats
55 creatures vanquished.

Vanquished Creatures (others)
  16 foxfires (D:3)
  2 plants (Sewer)
18 creatures vanquished.

Grand Total: 73 creatures vanquished

Table legend:
 A = Non-vault XP
 B = Vault XP
 C = Vault XP percentage of total XP
 D = Non-vault monster count
 E = Vault monster count
 F = Vault count percentage of total count
                 A         B        C        D         E       F
            +---------+---------+-------+---------+---------+-------
      Total |     175 |      19 |   9.8 |      51 |       4 |   7.3
            +---------+---------+-------+---------+---------+-------
        D:1 |      45 |       0 |   0.0 |      23 |       0 |   0.0
        D:2 |      51 |       0 |   0.0 |      19 |       0 |   0.0
        D:3 |      79 |       4 |   4.8 |       9 |       2 |  18.2
      Sewer |       0 |      15 | 100.0 |       0 |       2 | 100.0
            +---------+---------+-------+---------+---------+-------

Illustrated notes

Table legend:
 A = Kills in this place as a percentage of kills in entire the game.
 B = Kills by you in this place as a percentage of kills by you in the entire game.
 C = Kills by friends in this place as a percentage of kills by friends in the entire game.
 D = Other kills in this place as a percentage of other kills in the entire game.
 E = Experience gained in this place as a percentage of experience gained in the entire game.
 F = Experience gained in this place divided by the number of levels of this place that you have seen.
                   A       B       C       D       E      F
               +-------+-------+-------+-------+-------+----------------------
         Total | 100.0 | 100.0 |   N/A |   N/A | 100.0 |  48.5
       Dungeon |  96.4 |  96.4 |   N/A |   N/A |  92.3 |  59.7
         Sewer |   3.6 |   3.6 |   N/A |   N/A |   7.7 |  15.0
               +-------+-------+-------+-------+-------+----------------------

Table legend: (Time is in decaauts)
 A = Elapsed time spent in this place.
 B = Non-inter-level travel time spent in this place.
 C = Inter-level travel time spent in this place.
 D = Time resting spent in this place.
 E = Time spent auto-exploring this place.
 F = Levels seen in this place.
 G = Mean time per level.
                   A        B        C        D        E       F      G
               +--------+--------+--------+--------+--------+-----+--------+
         Total |   2809 |   2719 |     90 |    216 |   2249 |   4 |  702.2 |
       Dungeon |   2777 |   2687 |     90 |    216 |   2243 |   3 |  925.7 |
         Sewer |     31 |     31 |      0 |      0 |      6 |   1 |   31.0 |
               +--------+--------+--------+--------+--------+-----+--------+

Top non-repeatable levels by time:
     D:1: 1377 daAuts
     D:2: 1036 daAuts
     D:3: 363 daAuts
   Sewer: 31 daAuts
